 Dungeon Crawl Stone Soup version 0.24-a0-489-g1c7b743a30 (webtiles) character file.

Game seed: 367745064596601265

47010 KristoblXynda the Carver (level 14, -14/119 HPs)
             Began as a Purple Draconian Gladiator on July 11, 2019.
             Was an Initiate of Gozag.
             Killed from afar by a frost giant (43 damage)
             ... with a bolt of cold
             ... in an ice cave.
             The game lasted 00:40:41 (21237 turns).

KristoblXynda the Carver (DrGl)                    Turns: 21237, Time: 00:40:43

Health: -14/119    AC: 16    Str: 23    XL:     14   Next: 7%
Magic:  19/27      EV: 18    Int: 11    God:    Gozag
Gold:   4802       SH:  0    Dex: 14    Spells: 25/31 levels left

rFire    . . .     SeeInvis .   o - +7 triple sword (elec)
rCold    . . .     Gourm    .   (shield currently unavailable)
rNeg     . . .     Faith    .   (armour unavailable)
rPois    +         Spirit   .   b - +1 hat
rElec    .         Reflect  .   z - +2 cloak {MR+}
rCorr    +         Harm     .   j - +0 pair of gloves
MR       +++..                  q - +0 pair of boots of the Ban {rCorr}
Stlth    +.........             F - amulet of the acrobat
HPRegen  0.29/turn              I - ring of poison resistance
MPRegen  0.20/turn              e - +2 ring of protection

@: mighty, gold aura, slowed, very slow
A: breathe power, unfitting armour, cold-blooded, AC +8
a: Breathe Dispelling Energy, Potion Petition, Call Merchant, Bribe Branch,
Renounce Religion


You were in an ice cave.
You worshipped Gozag.
Gozag was most pleased with you.
You were not hungry.

You visited 2 branches of the dungeon, and saw 17 of its levels.
You also visited: Bailey and Ice Cave.

You collected 4944 gold pieces.
You spent 90 gold pieces at shops.
You paid 52 gold pieces to Gozag.

Inventory:

Hand Weapons
 o - a +7 triple sword of electrocution (weapon)
 s - a +9 scimitar
Missiles
 c - a throwing net (quivered)
Armour
 b - a +1 hat (worn)
 j - a +0 pair of gloves (worn)
 q - the +0 pair of boots of the Ban (worn) {rCorr}
   (You found it in a bailey)

   It provides partial protection from all sources of acid and corrosion.
 z - a +2 cloak of magic resistance (worn)
 O - a +0 buckler
Jewellery
 e - a +2 ring of protection (right hand)
 F - an amulet of the acrobat (around neck)
 I - a ring of poison resistance (left hand)
Wands
 u - a wand of acid (18)
 y - a wand of scattershot (3)
 A - a wand of paralysis (2)
 G - a wand of iceblast (9)
 L - a wand of digging (7)
Scrolls
 a - a scroll of vulnerability
 f - 2 scrolls of amnesia
 l - 6 scrolls of teleportation
 n - a scroll of silence
 t - 3 scrolls of remove curse
 w - 3 scrolls of immolation
 C - a scroll of magic mapping
Potions
 g - 3 potions of haste
 k - 4 potions of mutation
 m - 5 potions of curing
 p - 2 potions of might
 v - 2 potions of cancellation
 B - a potion of agility
 D - 3 potions of flight
 E - 2 potions of brilliance
 H - a potion of resistance
 T - a potion of berserk rage {unknown}
 U - a potion of lignification
Miscellaneous
 h - a phial of floods
 r - a fan of gales
 K - a crystal ball of energy
Comestibles
 d - 12 rations


   Skills:
 + Level 9.8 Fighting
 + Level 13.5 Long Blades
 - Level 4.4 Throwing
 - Level 10.0 Dodging
 - Level 4.0 Shields
 + Level 9.2 Spellcasting
 + Level 5.8 Conjurations
 + Level 5.3 Hexes
 - Level 10.2 Evocations


You had 25 spell levels left.
You knew the following spells:

 Your Spells              Type           Power        Failure   Level  Hunger
a - Mephitic Cloud        Conj/Pois/Air  #.......     19%         3    ##.....
b - Tukima's Dance        Hex            ###.....     4%          3    ##.....

Your spell library contained the following spells:

 Spells                   Type           Power        Failure   Level  Hunger
 Corona                   Hex            ###....      1%          1    None
 Flame Tongue             Conj/Fire      ##...        4%          1    None
 Sting                    Conj/Pois      ##..         4%          1    None
 Confuse                  Hex            ###.....     4%          3    ##.....
 Dazzling Spray           Conj/Hex       ###...       4%          3    ##.....
 Throw Flame              Conj/Fire      ##....       6%          2    None
 Ensorcelled Hibernation  Hex/Ice        ##....       7%          2    None
 Conjure Flame            Conj/Fire      ##......     13%         3    ##.....
 Animate Skeleton         Necr           N/A          14%         1    None
 Pain                     Necr           #...         14%         1    None
 Inner Flame              Hex/Fire       ##......     14%         3    ##.....
 Poisonous Vapours        Pois/Air       #.....       22%         2    None
 Ignite Poison            Fire/Tmut/Pois #.......     38%         3    ##.....
 Regeneration             Chrm/Necr      #.........   38%         3    ##.....
 Vampiric Draining        Necr           #.........   38%         3    ##.....
 Sticky Flame             Conj/Fire      ##......     38%         4    ####...
 Fireball                 Conj/Fire      ##........   75%         5    #####..
 Venom Bolt               Conj/Pois      ##........   75%         5    #####..
 Animate Dead             Necr           N/A          80%         4    ####...
 Olgreb's Toxic Radiance  Pois           #.......     80%         4    ####...
 Bolt of Fire             Conj/Fire      ##........   100%        6    #######
 Ring of Flames           Chrm/Fire      #.........   100%        7    #######
 Ignition                 Fire           #.........   100%        8    #######


Dungeon Overview and Level Annotations

Branches:
Dungeon (15/15)            Temple (0/1) D:6            Lair (2/6) D:11
 Spider (0/4) Lair:2          Orc (0/2) D:9          Vaults (0/5) D:13
 Depths (0/5) D:15
  Swamp: Lair:2-4    Shoals: Lair:2-4

Altars:
Elyvilon
Fedhas
Gozag
Kikubaaqudgha
Nemelex Xobeh
Okawaru
Trog
Uskayaw
Vehumet
Wu Jian
Yredelemnul
The Shining One

Shops:
D:10 (   D:11 ?


Innate Abilities, Weirdness & Mutations

You can breathe bolts of dispelling energy.
Your rich purple scales are hard. (AC +8)
You cannot fit into any form of body armour.
You are cold-blooded and may be slowed by cold attacks.


Message History

You slash the frost giant!
Lightning courses through the frost giant!
The frost giant is lightly wounded.
The frost giant hits you with a +2 battleaxe of freezing!!
* * * LOW HITPOINT WARNING * * *
You feel yourself slow down. The frost giant freezes you!
* * * LOW HITPOINT WARNING * * *
The yak misses you.
You riposte.
You barely miss the yak.
The yak is almost dead.
Unknown command.
Okay, then.
Okay, then.
You feel much better. The frost giant casts a spell at you.
The bolt of cold misses you. The yak gores you.
* * * LOW HITPOINT WARNING * * *
The frost giant casts a spell at you. The bolt of cold hits you!!!
You die...
Your body crumbles into a pile of gold.

...# ...## ...# ###..##
##$....# #.$....# # ##.$....#
#..#[.$..C@# #..#)..$#$Y#
#..##. $#..# #...## ##..#≈≈#
#....###...#≈≈#
#..........#≈≈≈
##.........##≈≈≈ ####
#.........#.#≈≈# ##..## ####
##.........#≈≈≈≈###.#..###..#


You could see a frost giant and a yak.

Vanquished Creatures
  A fire dragon (D:15)
  2 hydras
  4 vault guards (D:13)
  An ice dragon (D:15)
  4 centaur warriors
  The ghost of confidenceinterval the Fighter, a novice DsFi of Okawaru (D:11)
  5 two-headed ogres
  An unseen horror (D:12)
  A wizard (D:15)
  Pikel (D:6)
  A wolf spider zombie (D:15)
  6 ugly things
  2 manticores
  A cyclops (D:13)
  A spectral centaur (D:11)
  Joseph (D:7)
  A black mamba (Lair:2)
  3 gargoyles
  2 spiny frogs
  2 ice statues (IceCv)
  2 centaur skeletons
  2 komodo dragons (Lair:1)
  2 tengu conjurers (D:15)
  A meliai (D:14)
  3 trolls
  11 polar bears (IceCv)
  A meliai (shapeshifter) (D:15)
  2 hornets
  2 meliai zombies
  4 blink frogs (Lair:2)
  5 slime creatures
  5 hippogriffs
  2 water elementals (D:13)
  2 wraiths
  2 wyverns
  3 hogs (D:7)
  8 humans
  A steam dragon (D:12)
  26 yaks
  A basilisk (D:11)
  8 vampire mosquitoes
  3 hungry ghosts
  Menkaure (D:2)
  A soldier ant (D:14)
  A spectral hornet (D:11)
  3 water moccasins
  13 orc warriors
  3 porcupines
  10 ice beasts
  2 phantoms
  2 slaves (D:6)
  4 black bears
  A hornet zombie (D:8)
  2 necrophages
  11 wolves (IceCv)
  3 ogres
  15 centaurs
  4 crocodiles
  3 big kobolds
  9 bullfrogs
  A wyvern zombie (D:11)
  5 scorpions
  5 wights (D:8)
  7 killer bees
  A howler monkey (D:6)
  A spectral bullfrog (D:11)
  5 electric eels (D:13)
  8 crimson imps
  7 hounds
  A quasit (D:9)
  5 centaur zombies
  A jelly (D:8)
  Crazy Yiuf (D:5)
  7 orc priests
  A bullfrog skeleton (D:6)
  11 orc wizards
  A gnoll shaman (D:7)
  5 iguanas
  9 worker ants
  A bullfrog simulacrum (D:11)
  A hound zombie (D:6)
  A hound skeleton (D:9)
  A mummy (D:2)
  2 worker ant zombies
  A howler monkey skeleton (D:11)
  7 adders
  5 gnolls (D:7)
  4 shadow imps
  2 adder skeletons
  2 adder zombies (D:2)
  2 worms (D:3)
  A dart slug (D:5)
  3 leopard geckos
  37 orcs
  6 bats
  5 giant cockroaches
  13 goblins
  12 hobgoblins
  8 jackals
  27 kobolds
  4 quokkas
  2 ball pythons
  6 frilled lizards
  A giant cockroach zombie (D:5)
  A jackal skeleton (D:8)
  A jackal zombie (D:6)
  A quokka zombie (D:5)
  7 rats (D:1)
  2 fungi (Lair:1)
473 creatures vanquished.

Vanquished Creatures (others)
  A human (D:13)
  A slave (D:6)
  2 fungi
4 creatures vanquished.

Grand Total: 477 creatures vanquished

Notes
Turn   | Place    | Note
-------+----------+-------------------------------------------
     0 | D:1      | KristoblXynda the Draconian Gladiator began the quest for
                  | the Orb.
     0 | D:1      | Reached XP level 1. HP: 17/17 MP: 1/1
    57 | D:1      | Reached XP level 2. HP: 24/24 MP: 2/2
   292 | D:1      | Reached XP level 3. HP: 27/29 MP: 3/3
   727 | D:2      | Found an ancient bone altar of Kikubaaqudgha.
   727 | D:2      | Noticed Menkaure
   733 | D:2      | Found a transporter.
   763 | D:2      | Found a transporter.
   763 | D:2      | Found a basalt altar of Yredelemnul.
   836 | D:2      | Found an ornate altar of the Wu Jian Council.
  1049 | D:2      | Reached skill level 4 in Long Blades
  1635 | D:3      | Reached XP level 4. HP: 34/36 MP: 4/4
  2362 | D:4      | Found a hide-covered altar of Uskayaw.
  2362 | D:4      | Found an opulent altar of Gozag.
  2362 | D:4      | Found a glowing golden altar of the Shining One.
  2362 | D:4      | Found a radiant altar of Vehumet.
  2608 | D:4      | Became a worshipper of Gozag Ym Sagoz the Greedy
  2829 | D:5      | Entered Level 5 of the Dungeon
  2879 | D:5      | Noticed an ogre
  2888 | D:5      | Killed an ogre
  2888 | D:5      | Reached XP level 5. HP: 30/41 MP: 5/5
  2991 | D:5      | Reached skill level 5 in Long Blades
  3251 | D:5      | Noticed a water moccasin
  3265 | D:5      | Killed a water moccasin
  3265 | D:5      | Reached XP level 6. HP: 21/48 MP: 6/6
  3378 | D:5      | Noticed an ice beast
  3410 | D:5      | Killed an ice beast
  3605 | D:5      | Reached skill level 6 in Long Blades
  3605 | D:5      | Your scales start taking on a rich purple colour.
  3605 | D:5      | Reached XP level 7. HP: 32/55 MP: 7/7
  3851 | D:5      | Found a runed translucent door.
  3852 | D:5      | Noticed Crazy Yiuf
  3858 | D:5      | Killed Crazy Yiuf
  4288 | D:6      | Reached skill level 7 in Long Blades
  4711 | D:6      | Found a bloodstained altar of Trog.
  4757 | D:6      | Reached skill level 5 in Dodging
  4757 | D:6      | Reached XP level 8. HP: 62/62 MP: 8/8
  4789 | D:6      | Found an iron altar of Okawaru.
  4844 | D:6      | Noticed Pikel
  4875 | D:6      | Killed Pikel
  4875 | D:6      | Reached skill level 8 in Long Blades
  5070 | D:6      | Found a sparkling altar of Nemelex Xobeh.
  5070 | D:6      | Found an iron altar of Okawaru.
  5137 | D:6      | Found a staircase to the Ecumenical Temple.
  5617 | D:7      | Reached skill level 1 in Evocations
  5617 | D:7      | Reached XP level 9. HP: 45/72 MP: 9/9
  5637 | D:7      | Reached skill level 9 in Long Blades
  5948 | D:7      | Reached skill level 5 in Fighting
  6233 | D:7      | Noticed a seven-headed hydra
  7150 | D:8      | Found a blossoming altar of Fedhas.
  7207 | D:9      | Reached XP level 10. HP: 84/84 MP: 13/13
  7231 | D:9      | Reached skill level 5 in Evocations
  7273 | D:9      | Reached skill level 10 in Long Blades
  7481 | D:9      | Found a staircase to the Orcish Mines.
  7557 | D:9      | Found a flagged portal.
  7581 | Bailey   | Entered a bailey
  7752 | Bailey   | Found a bloodstained altar of Trog.
  7876 | Bailey   | Got a pair of transparent boots
  7885 | Bailey   | Identified the +0 pair of boots of the Ban {rCorr} (You
                  | found it in a bailey)
  8350 | D:7      | Noticed Joseph
  8369 | D:7      | Killed Joseph
  8726 | D:7      | HP: 3/88 [slime creature (9)]
  9522 | D:10     | Entered Level 10 of the Dungeon
  9546 | D:10     | Found Odiunwan's Weapon Emporium.
  9826 | D:10     | Learned a level 3 spell: Mephitic Cloud
  9830 | D:10     | Learned a level 3 spell: Tukima's Dance
 10021 | D:10     | Reached XP level 11. HP: 94/94 MP: 16/16
 10312 | D:10     | Noticed a two-headed ogre
 10317 | D:10     | Killed a two-headed ogre
 10783 | D:11     | Found Wisuopisch's Magic Scroll Boutique.
 10853 | D:11     | Noticed a two-headed ogre
 10866 | D:11     | Killed a two-headed ogre
 10866 | D:11     | Reached skill level 11 in Long Blades
 11020 | D:11     | Noticed a two-headed ogre
 11030 | D:11     | Killed a two-headed ogre
 11267 | D:11     | Found a staircase to the Lair.
 11367 | D:11     | Noticed a red ugly thing
 11698 | D:11     | Killed a red ugly thing
 11698 | D:11     | Reached skill level 1 in Spellcasting
 11724 | D:11     | Bought a scroll of enchant weapon for 90 gold pieces
 11772 | D:11     | Found a runed translucent gate.
 11772 | D:11     | Found a runed translucent gate.
 11774 | D:11     | Found a runed translucent gate.
 11777 | D:11     | Noticed confidenceinterval's ghost (novice DsFi)
 11830 | D:11     | Killed confidenceinterval's ghost
 12209 | D:2      | Killed Menkaure
 12794 | D:12     | Noticed an unseen horror
 12806 | D:12     | Killed an unseen horror
 12806 | D:12     | Reached XP level 12. HP: 91/104 MP: 18/18
 12835 | D:12     | Noticed a two-headed ogre
 12856 | D:12     | Killed a two-headed ogre
 14150 | D:13     | Reached skill level 12 in Long Blades
 14278 | D:13     | Reached skill level 5 in Spellcasting
 14702 | D:13     | Reached skill level 10 in Dodging
 14924 | D:13     | Noticed a vault guard
 14926 | D:13     | Noticed a vault guard
 14934 | D:13     | Noticed a vault guard
 14950 | D:13     | Killed a vault guard
 14950 | D:13     | Reached skill level 1 in Shields
 14950 | D:13     | Killed a vault guard
 14953 | D:13     | Reached skill level 10 in Evocations
 14963 | D:13     | Killed a vault guard
 14964 | D:13     | Noticed a vault guard
 14975 | D:13     | Killed a vault guard
 15519 | D:13     | Reached skill level 1 in Conjurations
 15949 | D:13     | Found a gate to the Vaults.
 16105 | D:14     | Noticed a four-headed hydra
 16119 | D:14     | Killed a 13-headed hydra
 16433 | D:14     | Noticed a centaur warrior
 16433 | D:14     | Noticed a two-headed ogre
 16437 | D:14     | Killed a two-headed ogre
 16437 | D:14     | Reached XP level 13. HP: 111/111 MP: 23/23
 16723 | D:14     | Found a white marble altar of Elyvilon.
 17274 | D:15     | Entered Level 15 of the Dungeon
 17275 | D:15     | Identified a scroll of acquirement
 17345 | D:15     | Noticed a fire dragon
 17362 | D:15     | Killed a fire dragon
 17362 | D:15     | Reached skill level 1 in Hexes
 17517 | D:15     | Found a staircase to the Depths.
 17681 | D:15     | HP: 2/111 [centaur/arrow (8)]
 18034 | D:15     | Reached skill level 13 in Long Blades
 18953 | Lair:1   | Entered Level 1 of the Lair of Beasts
 19729 | Lair:1   | Reached skill level 5 in Conjurations
 19977 | Lair:2   | Found a frozen archway.
 20027 | IceCv    | Entered an ice cave
 20620 | IceCv    | Reached skill level 5 in Hexes
 20716 | IceCv    | Reached XP level 14. HP: 59/119 MP: 7/27
 21229 | IceCv    | Noticed a frost giant
 21237 | IceCv    | Killed from afar by a frost giant

Levels and vault maps discovered:
D:1:      erik_arrival_cave_to_civilisation [erik_arrival_cave_to_hall],
          layout_basic
D:2:      layout_basic, gammafunk_temple_of_torment, old_standard_altar
D:3:      layout_loops_ring
D:4:      layout_basic, grunt_temple_overflow_open, first_ration,
          kennysheep_another_room
D:5:      layout_basic, uniq_crazy_yiuf_cottage
D:6:      layout_basic, lemuel_crystal_altar, amethyst_overflow_temple_binary,
          minmay_temple_entry_mini_moons, kennysheep_okawaru_gauntlet,
          uniq_pikel
D:7:      minmay_blocky_corners, layout_loops_ring, moated_statue,
          kennysheep_minor_cross, grunt_livestock, uniq_joseph
D:8:      layout_rooms, kennysheep_mini
D:9:      layout_roguey, orc_0_dummy, enter_bailey_3
D:10:     layout_loops_cross, serial_shops, shop
D:11:     layout_rooms, grunt_lair_entry_orc_guard_hut, serial_shops,
          nicolae_shop_trees, gammafunk_ghost_necromancy
D:12:     layout_basic
D:13:     layout_basic, ximxim_vaults_locker_room, minmay_variable_closet
D:14:     layout_stronghold, serial_park_square1 [serial_park_minivault_5x5_3],
          elyvilon_altar_5
D:15:     grunt_enter_depths_hoard, layout_basic, minmay_misc_feat_enclosed
Lair:1:   layout_long_grid, cheibrodos_lair_caveside_slide
Lair:2:   layout_cave_pods, nicolae_spider_entry_non_spiders,
          portal_ice_cave_entry_ice_beasts, lemuel_fruit_tree
IceCv:    ice_cave_small_giant

Skill      XL: |  1  2  3  4  5  6  7  8  9 10 11 12 13 |
---------------+----------------------------------------+-----
Throwing       | 2 3 4 |  4.4
Dodging        | 3 4 5 6 7 8 9 10 | 10.0
Long Blades    | 4 5 6 7 8 9 10 11 12 13 | 13.5
Fighting       | 4 6 8 9 |  9.8
Evocations     | 1 4 6 8 10 | 10.2
Spellcasting   | 3 6 9 |  9.2
Shields        | 3 4 |  4.0
Conjurations   | 2 5 |  5.8
Hexes          | 5 |  5.3

Action                   |  1- 3 |  4- 6 |  7- 9 | 10-12 | 13-15 || total
-------------------------+-------+-------+-------+-------+-------++-------
Melee: Long sword        |   108 |   113 |   305 |       |       ||   526
       Tailslap          |    16 |    14 |    58 |   135 |    80 ||   303
       Scimitar          |       |       |    43 |   765 |   346 ||  1154
       Triple sword      |       |       |       |       |    55 ||    55
Throw: Throwing net      |       |     1 |     1 |       |       ||     2
 Cast: Mephitic Cloud    |       |       |       |       |    13 ||    13
       Tukima's Dance    |       |       |       |       |     3 ||     3
Invok: Potion Petition   |       |       |       |       |     1 ||     1
 Abil: Breathe Dispellin |       |       |     8 |    11 |       ||    19
       Evoke Berserk Rag |       |       |       |     1 |       ||     1
Evoke: Wand              |       |       |       |    22 |     1 ||    23
  Use: Scroll            |     2 |     1 |    12 |    13 |     8 ||    36
       Potion            |       |     1 |     4 |     5 |     4 ||    14
 Stab: Sleeping          |     3 |       |     1 |     3 |       ||     7
       Held in net/web   |       |       |     2 |       |       ||     2
       Paralysed         |       |       |       |    36 |    10 ||    46
       Distracted        |       |       |       |     2 |     5 ||     7
       Confused          |       |       |       |       |    10 ||    10
  Eat: Chunk             |     2 |     2 |       |       |       ||     4
       Ration            |       |     1 |     5 |    11 |     5 ||    22
Armor: Skin              |    27 |    36 |   115 |   235 |   108 ||   521
Dodge: Dodged            |   104 |    85 |   261 |   586 |   344 ||  1380
Block: Buckler           |       |       |       |     4 |    70 ||    74
       Rpst.: Long sword |    27 |    19 |    55 |       |       ||   101
       Scimitar          |       |       |     8 |   142 |    66 ||   216
       Triple sword      |       |       |       |       |    22 ||    22

Table legend:
 A = Non-vault XP
 B = Vault XP
 C = Vault XP percentage of total XP
 D = Non-vault monster count
 E = Vault monster count
 F = Vault count percentage of total count
                 A         B        C        D         E       F
            +---------+---------+-------+---------+---------+-------
      Total |   43114 |   24044 |  35.8 |     358 |     111 |  23.7
            +---------+---------+-------+---------+---------+-------
        D:1 |      57 |       3 |   5.0 |      34 |       2 |   5.6
        D:2 |      28 |     198 |  87.6 |       8 |       5 |  38.5
        D:3 |      18 |       0 |   0.0 |       7 |       0 |   0.0
        D:4 |      77 |       0 |   0.0 |       7 |       0 |   0.0
        D:5 |     591 |      41 |   6.5 |      12 |       1 |   7.7
        D:6 |     961 |     655 |  40.5 |      18 |       3 |  14.3
        D:7 |     624 |    1807 |  74.3 |      15 |       8 |  34.8
        D:8 |    1513 |     129 |   7.9 |      23 |       1 |   4.2
        D:9 |    2611 |       8 |   0.3 |      37 |       4 |   9.8
       D:10 |    3988 |       0 |   0.0 |      36 |       0 |   0.0
       D:11 |    3257 |    3095 |  48.7 |      12 |      12 |  50.0
       D:12 |    4802 |       0 |   0.0 |      30 |       0 |   0.0
       D:13 |    5452 |    5353 |  49.5 |      56 |      11 |  16.4
       D:14 |    3597 |    2178 |  37.7 |       9 |       4 |  30.8
       D:15 |    9671 |    1977 |  17.0 |      32 |       2 |   5.9
     Lair:1 |    2627 |       0 |   0.0 |      12 |       0 |   0.0
     Lair:2 |    3240 |    1044 |  24.4 |      10 |       8 |  44.4
     Bailey |       0 |     403 | 100.0 |       0 |      16 | 100.0
      IceCv |       0 |    7153 | 100.0 |       0 |      34 | 100.0
            +---------+---------+-------+---------+---------+-------
